 Dungeon Crawl Stone Soup version 0.31-a0-115-g4708a659fe (webtiles) character file.

Game seed: 4254465682610318175

670 senseless the Slasher (level 7, 0/60 HPs)
             Began as a Demigod Gladiator on May 29, 2023.
             Slain by a yak (2 damage)
             ... on level 5 of the Dungeon.
             The game lasted 00:08:31 (4257 turns).

senseless the Slasher (Demigod Gladiator)           Turns: 4257, Time: 00:08:32

Health: 0/60       AC:  5    Str: 15    XL:     7   Next: 10%
Magic:  9/9        EV: 15    Int: 10    God:
Gold:   231        SH:  0    Dex: 23    Spells: 6/6 levels left

rFire   . . .        a - +0 long sword
rCold   . . .        (no shield)
rNeg    . . .        b - +0 leather armour
rPois   .            c - +0 helmet
rElec   .            g - +0 cloak
rCorr   .            (no gloves)
SInv    .            (no boots)
Will    +....        (no amulet)
Stlth   ++           y - ring of flight
HPRegen 0.30/turn    (no ring)
MPRegen 0.11/turn

%: no passive effects
@: enlightened, flying
A: high MP 1, forlorn, divine attributes
a: no special abilities


You were on level 5 of the Dungeon.
You visited 1 branch of the dungeon, and saw 5 of its levels.

You collected 231 gold pieces.

Inventory:

Hand Weapons
 a - a +0 long sword (weapon)
 v - a +1 dagger of venom
Missiles
 d - 3 throwing nets (quivered)
 e - a javelin
Armour
 b - a +0 leather armour (worn)
 c - a +0 helmet (worn)
 g - a +0 cloak (worn)
Jewellery
 y - a ring of flight (left hand)
Wands
 z - a wand of iceblast (11)
Scrolls
 i - 11 scrolls of identify {unknown}
 k - 2 scrolls of fear {unknown}
 m - 3 scrolls of teleportation {unknown}
 p - a scroll of enchant weapon {unknown}
 q - a scroll of poison {unknown}
 s - a scroll of amnesia {unknown}
 u - 2 scrolls of blinking {unknown}
 w - a scroll of magic mapping {unknown}
Potions
 f - a potion of might {unknown}
 h - a potion of enlightenment
 j - 2 potions of heal wounds {unknown}
 l - a potion of berserk rage {unknown}
 n - a potion of degeneration {unknown}
 o - 2 potions of haste {unknown}
 r - a potion of brilliance {unknown}
 t - 2 potions of curing {unknown}
 x - a potion of cancellation {unknown}


   Skills:
 + Level 4.5 Fighting
 + Level 5.0 Long Blades
 - Level 1.7 Throwing
 + Level 4.9 Dodging


You had 6 spell levels left.
You didn't know any spells.
Your spell library contained the following spells:

 Spells                   Type           Power      Damage    Failure   Level
 Frozen Ramparts          Ice            0%         1d1       80%         3
 Ice Form                 Ice/Tmut       0%         N/A       99%         4
 Summon Ice Beast         Ice/Summ       0%         N/A       99%         4
 Chain Lightning          Conj/Air       0%         N/A       100%        9
 Fire Storm               Conj/Fire      0%         5d1       100%        9
 Shatter                  Erth           0%         3d5*      100%        9


Dungeon Overview and Level Annotations

Branches:
Dungeon (5/15)             Temple (0/1) D:5


Innate Abilities, Weirdness & Mutations

You have an increased reservoir of magic. (+10% MP)
You shall have no god before yourself.
Your divine heritage dramatically boosts your attributes as you level up.


Message History

You start waiting.
A yak is nearby!
You hit the yak.
The yak is lightly wounded.
The yak gores you!
You hit the yak but do no damage.
The yak is lightly wounded.
The yak barely misses you. x2
You barely miss the yak.
The yak is lightly wounded.
The yak gores you!
You hit the yak but do no damage.
The yak is lightly wounded.
The yak completely misses you.
You hit the yak.
The yak is moderately wounded.
The yak closely misses you.
You hit the yak. Your punch misses the yak.
The yak is moderately wounded.
The yak gores you.
You are too injured to fight recklessly!
You are too injured to fight recklessly!
You are too injured to fight recklessly!
You are too injured to fight recklessly!
You are too injured to fight recklessly!
You are too injured to fight recklessly!
You slash the yak!
The yak is heavily wounded.
The yak gores you!
* * * LOW HITPOINT WARNING * * *
You hit the yak but do no damage.
The yak is heavily wounded.
The yak gores you.
* * * LOW HITPOINT WARNING * * *
The yak gores you!
* * * LOW HITPOINT WARNING * * *
It was a potion of enlightenment.
You feel more buoyant. The yak gores you.
You die...

.# #.# ########### #.########
#.........# ##.#.......
#.........# ##########..........
##.........###.Y@.....+..........
#..............########..........
#................................
#....)..###......................
#.......# #..................[...
###.....# #......................
#.....# ###......<.............
#.....# #.......Y............
#.....### #.................$..


You could see a yak.

Vanquished Creatures
  An ogre (D:3)
  2 scorpions
  3 howler monkeys
  2 orc priests
  An iguana (D:4)
  A sleepcap (D:4)
  7 gnolls
  7 adders
  A shadow imp (D:5)
  An ufetubus (D:3)
  A worm (D:3)
  2 dart slugs
  6 orcs
  4 ball pythons
  11 endoplasms
  3 giant cockroaches
  4 goblins
  3 hobgoblins
  6 jackals
  A kobold (D:4)
  3 quokkas
  3 bats
  7 frilled lizards
  2 rats (D:1)
82 creatures vanquished.

Notes
Turn   | Place    | Note
-------+----------+-------------------------------------------
     0 | D:1      | senseless the Demigod Gladiator began the quest for the
                  | Orb.
     0 | D:1      | Reached XP level 1. HP: 17/17 MP: 3/3
   227 | D:1      | Reached XP level 2. HP: 24/24 MP: 4/4
   534 | D:2      | Reached skill level 3 in Long Blades
  1105 | D:2      | Reached XP level 3. HP: 30/30 MP: 5/5
  2071 | D:3      | Reached XP level 4. HP: 22/37 MP: 6/6
  2382 | D:3      | Reached XP level 5. HP: 21/45 MP: 7/7
  2759 | D:3      | Reached skill level 4 in Long Blades
  2767 | D:3      | HP: 2/45 [gnoll/+0 spear (1)]
  3070 | D:4      | Reached XP level 6. HP: 34/52 MP: 8/8
  3460 | D:5      | Entered Level 5 of the Dungeon
  3544 | D:5      | Found a staircase to the Ecumenical Temple.
  3923 | D:5      | Reached XP level 7. HP: 57/60 MP: 9/9
  3978 | D:5      | Reached skill level 5 in Long Blades
  4225 | D:5      | Noticed a yak
  4226 | D:5      | Noticed a yak
  4226 | D:5      | Noticed a yak
  4256 | D:5      | HP: 2/60 [yak (8)]
  4257 | D:5      | Slain by a yak

Illustrated notes

Levels and vault maps discovered:
D:1:      psy_arrival_dodecagon, layout_loops_cross
D:2:      layout_basic
D:3:      layout_basic, mainiacjoe_overflow_big_doors, serial_corexii_hall,
          corexii_hall_statues_s, chequers_hall_statues_wall_a,
          hellmonk_ecumenical_altar_crossroads, kennysheep_generic_room_5
D:4:      layout_cave_pools
D:5:      layout_basic, minmay_temple_entry_proselytizer

Skill      XL: |  1  2  3  4  5  6  7 |
---------------+----------------------+-----
Fighting       | 2 3 4 |  4.5
Long Blades    | 3 4 5 |  5.0
Dodging        | 3 4 |  4.9
Throwing       | |  1.7

Action                     |  1- 3 |  4- 6 |  7- 9 || total
---------------------------+-------+-------+-------++-------
  Melee: Long sword        |   116 |   147 |    18 ||   281
         Punch             |     5 |     1 |       ||     6
    Use: Potion            |       |       |     1 ||     1
   Stab: Sleeping          |     2 |     3 |       ||     5
 Armour: Leather armour    |    43 |    42 |       ||    85
  Dodge: Dodged            |    61 |   170 |    11 ||   242

Table legend: (Time is in decaauts)
 A = Elapsed time spent in this place.
 B = Non-inter-level travel time spent in this place.
 C = Inter-level travel time spent in this place.
 D = Time resting spent in this place.
 E = Time spent auto-exploring this place.
 F = Levels seen in this place.
 G = Mean time per level.
                   A        B        C        D        E       F      G
               +--------+--------+--------+--------+--------+-----+--------+
         Total |   4322 |   4020 |    302 |    514 |   2764 |   5 |  864.4 |
       Dungeon |   4322 |   4020 |    302 |    514 |   2764 |   5 |  864.4 |
               +--------+--------+--------+--------+--------+-----+--------+

Top non-repeatable levels by time:
     D:3: 1453 daAuts
     D:4: 914 daAuts
     D:2: 902 daAuts
     D:1: 535 daAuts
     D:5: 515 daAuts
